 Dungeon Crawl Stone Soup version 0.25-a0-700-g7f8a797 (webtiles) character file.

Game seed: 617098136879094518, levelgen mode: deterministic

3644 BlueFish the Grappler (level 9, 0/85 HPs)
             Began as a Troll Hunter on Apr 2, 2020.
             Was a Believer of Wu Jian.
             Slain by a two-headed ogre
             ... wielding a +0 giant club
              (8 damage)
             ... on level 8 of the Dungeon.
             The game lasted 00:19:48 (6541 turns).

BlueFish the Grappler (Troll Hunter)                Turns: 6541, Time: 00:19:49

Health: 0/85       AC:  7    Str: 25    XL:     9   Next: 88%
Magic:  8/8        EV: 11    Int:  7    God:    Wu Jian [**....]
Gold:   459        SH:  0    Dex: 13    Spells: 8/8 levels left

rFire    . . .     SeeInvis .     - Unarmed
rCold    . . .     Gourm    +   (no shield)
rNeg     . . .     Faith    .   b - +1 robe
rPois    +         Spirit   .   (helmet restricted)
rElec    .         Reflect  .   (no cloak)
rCorr    .         Harm     .   (gloves unavailable)
MR       .....                  (boots unavailable)
Stlth    ++........             (no amulet)
HPRegen  0.64/turn              r - ring of poison resistance
MPRegen  0.11/turn              m - +3 ring of dexterity

@: lightly drained
A: large, unfitting armour, claws 3, fast metabolism 3, gourmand, regeneration
1, shaggy fur 1, tough skin 3
a: Wall Jump, Renounce Religion


You were on level 8 of the Dungeon.
You worshipped Wu Jian.
Wu Jian was pleased with you.
You were completely stuffed.

You visited 2 branches of the dungeon, and saw 9 of its levels.

You collected 459 gold pieces.

Inventory:

Missiles
 c - 15 large rocks (quivered)
 s - a throwing net
Armour
 b - a +1 robe (worn)
Jewellery
 m - a +3 ring of dexterity (right claw)
 r - a ring of poison resistance (left claw)
Wands
 o - a wand of iceblast (7)
 v - a wand of flame (17)
Scrolls
 h - 5 scrolls of teleportation
 j - a scroll of fear
 n - 2 scrolls of remove curse
 q - a scroll of blinking
Potions
 a - a potion of flight
 d - 2 potions of stabbing
 e - a potion of heal wounds
 g - a potion of invisibility
 i - a potion of lignification
 k - 3 potions of brilliance
 l - 6 potions of curing
 p - 3 potions of magic
 u - a potion of haste
Comestibles
 f - 10 rations
 t - 6 chunks of flesh


   Skills:
 * Level 4.6(4.1) Fighting
 + Level 3.9(3.4) Throwing
 + Level 4.1(3.6) Dodging
 + Level 2.2(1.8) Stealth
 * Level 11.4(10.8) Unarmed Combat


You had 8 spell levels left.
You didn't know any spells.
Your spell library was empty.

Dungeon Overview and Level Annotations

Branches:
Dungeon (8/15)             Temple (1/1) D:4
   Lair: D:8-11

Altars:
Ashenzari
Cheibriados
Elyvilon
Fedhas
Nemelex Xobeh
Ru
Sif Muna
Trog
Vehumet
Wu Jian
Xom
Yredelemnul
Zin


Innate Abilities, Weirdness & Mutations

You are too large for most types of armour.
You have claws for hands.
Your metabolism is lightning-fast.
You like to eat raw meat.
Your natural rate of healing is unusually fast.
You are covered in fur. (AC +1)
You have extremely tough skin. (AC +3)


Message History

You lunge at the two-headed ogre.
You barely miss the two-headed ogre.
The two-headed ogre hits you with a +0 giant club!
The two-headed ogre completely misses you.
You claw the two-headed ogre!
The two-headed ogre is moderately wounded.
The two-headed ogre closely misses you. The two-headed ogre barely misses you.
You scratch the two-headed ogre but do no damage.
The two-headed ogre is moderately wounded.
You claw the two-headed ogre! Your claw misses the two-headed ogre.
The two-headed ogre is moderately wounded.
The two-headed ogre hits you with a +0 giant club!!
The two-headed ogre hits you with a +0 giant club!
You barely miss the two-headed ogre.
The two-headed ogre is moderately wounded.
You claw the two-headed ogre!
The two-headed ogre is heavily wounded.
The two-headed ogre hits you with a +0 giant club!!
* * * LOW HITPOINT WARNING * * *
The two-headed ogre hits you with a +0 giant club!
You die...

##+#....##.).##..##'#...........#
....>....#...##..#......#######..
.........#.......#......'.....+..
..>......#.......#......#.....#..
.........#...#####......#..####..
.........#...#..........#..##.###
....######...#....##+####......+
....# #...#....#...÷........#
....# #..@.#....######+## ....#
#..O.#....##..# ....#
#....#..>.....# ....#
......#........# ....#
≈§.≈§..#........# #####
..≈#+#≈..#........# ..≈
#§..#........# .. #≈..#........#
#....##..#


You could see a two-headed ogre.

Vanquished Creatures
  A cyclops (D:8)
  3 hippogriffs
  Sigmund (D:2)
  An orc warrior (D:6)
  2 ice beasts
  4 sky beasts
  2 phantoms
  2 centaurs
  2 bullfrogs
  A water moccasin zombie (D:7)
  2 scorpions (D:5)
  5 wights (D:8)
  A crimson imp (D:8)
  A bullfrog zombie (D:5)
  2 centaur zombies
  2 hounds
  2 jellies
  A centaur skeleton (D:6)
  Jessica (D:3)
  An iguana (D:6)
  Natasha (thrice) (D:2)
  5 orc wizards
  Terence (D:3)
  8 worker ants
  2 hound zombies
  Robin (D:2)
  8 gnolls
  A howler monkey skeleton (D:6)
  8 adders
  An ooze (D:7)
  An adder skeleton (D:6)
  7 worms
  A dart slug (D:1)
  4 leopard geckos
  27 orcs
  A ball python (D:2)
  10 bats
  6 giant cockroaches
  14 goblins
  7 hobgoblins
  11 jackals
  4 quokkas
  5 frilled lizards
  2 kobolds
  2 quokka skeletons
  A quokka zombie (D:5)
  14 rats
192 creatures vanquished.

Notes
Turn   | Place    | Note
-------+----------+-------------------------------------------
     0 | D:1      | BlueFish the Troll Hunter began the quest for the Orb.
     0 | D:1      | Reached XP level 1. HP: 19/19 MP: 0/0
   116 | D:1      | Reached XP level 2. HP: 22/28 MP: 1/1
   253 | D:1      | Reached skill level 1 in Unarmed Combat
   574 | D:1      | Reached XP level 3. HP: 35/35 MP: 2/2
   940 | D:2      | Reached skill level 2 in Unarmed Combat
  1049 | D:2      | Reached XP level 4. HP: 35/42 MP: 3/3
  1230 | D:2      | Noticed Natasha
  1234 | D:2      | Killed Natasha
  1234 | D:2      | Reached skill level 3 in Unarmed Combat
  1310 | D:2      | Noticed Natasha
  1320 | D:2      | Killed Natasha
  1320 | D:2      | Reached XP level 5. HP: 37/49 MP: 4/4
  1407 | D:2      | Noticed Sigmund
  1556 | D:2      | Noticed Natasha
  1579 | D:2      | Killed Natasha
  1642 | D:2      | Noticed Robin
  1931 | D:2      | Killed Robin
  2096 | D:2      | Killed Sigmund
  2096 | D:2      | Reached skill level 4 in Unarmed Combat
  2096 | D:2      | Reached XP level 6. HP: 49/59 MP: 5/5
  2167 | D:3      | Noticed Jessica
  2172 | D:3      | Killed Jessica
  2172 | D:3      | Reached skill level 5 in Unarmed Combat
  2181 | D:3      | Noticed Terence
  2189 | D:3      | Killed Terence
  2501 | D:3      | Noticed a moth of wrath
  2503 | D:3      | Found a bloodstained altar of Trog.
  2701 | D:3      | Found a shattered altar of Ashenzari.
  2983 | D:3      | Reached skill level 1 in Stealth
  3365 | D:4      | Reached XP level 7. HP: 66/66 MP: 6/6
  3411 | D:4      | Found a staircase to the Ecumenical Temple.
  3438 | Temple   | Entered the Ecumenical Temple
  3469 | Temple   | Became a worshipper of the Wu Jian Council
  3594 | D:4      | Reached skill level 6 in Unarmed Combat
  3938 | D:5      | Entered Level 5 of the Dungeon
  3957 | D:5      | Reached skill level 7 in Unarmed Combat
  3999 | D:5      | Reached XP level 8. HP: 67/75 MP: 7/7
  4112 | D:5      | Found a radiant altar of Vehumet.
  4206 | D:5      | Reached skill level 8 in Unarmed Combat
  4384 | D:5      | Reached * piety under Wu Jian
  4659 | D:6      | Found a shimmering blue altar of Sif Muna.
  4792 | D:6      | Reached skill level 9 in Unarmed Combat
  5220 | D:6      | Found a sparkling altar of Nemelex Xobeh.
  5464 | D:7      | Found Gezxut's Distillery.
  5476 | D:7      | Reached XP level 9. HP: 61/84 MP: 8/8
  5888 | D:7      | Reached ** piety under Wu Jian
  5894 | D:7      | Reached skill level 10 in Unarmed Combat
  5952 | D:7      | Found a shimmering altar of Xom.
  5955 | D:7      | Found a sacrificial altar of Ru.
  5958 | D:7      | Found a basalt altar of Yredelemnul.
  5968 | D:7      | Found a glowing silver altar of Zin.
  6284 | D:8      | Noticed a cyclops
  6291 | D:8      | Killed a cyclops
  6375 | D:8      | Reached skill level 11 in Unarmed Combat
  6531 | D:8      | Noticed a two-headed ogre
  6541 | D:8      | Slain by a two-headed ogre

Levels and vault maps discovered:
D:1:      lightli_arrival_farm, layout_basic
D:2:      layout_basic, uniq_robin, uniq_sigmund, uniq_natasha
D:3:      layout_loops_ring, lemuel_doored_altar, tgw_trog, uniq_jessica,
          uniq_terence
D:4:      layout_basic, minmay_temple_entry_tees
D:5:      layout_basic, first_ration, vehumet_altar_wand_db
D:6:      layout_basic, led_sif_pool, nemelex_lonely_heart_becter
D:7:      layout_layer_cave, grunt_temple_overflow_cloverleaf, serial_shops,
          nicolae_shop_stone
D:8:      layout_gridville, kennysheep_mini_moat, grunt_dithmenos_smoke,
          grunt_lair_entry_orc_guard_hut, basic_altar, uniq_maggie
Temple:   oiseaux_autumnal_temple

Skill      XL: |  1  2  3  4  5  6  7  8  9 |
---------------+----------------------------+-----
Fighting       | 2 3 4 |  4.6
Unarmed Combat | 1 2 3 4 5 7 9 11 | 11.4
Dodging        | 2 3 4 |  4.1
Stealth        | 1 2 |  2.2
Throwing       | |  3.9

Action                   |  1- 3 |  4- 6 |  7- 9 || total
-------------------------+-------+-------+-------++-------
Melee: Unarmed           |   155 |   215 |   331 ||   701
       Punch             |       |     3 |     6 ||     9
Invok: Lunge             |       |       |    49 ||    49
       Whirlwind         |       |       |    41 ||    41
  Use: Scroll            |     1 |     2 |    16 ||    19
       Potion            |       |       |     1 ||     1
 Stab: Sleeping          |       |     2 |     5 ||     7
       Distracted        |       |       |     1 ||     1
  Eat: Chunk             |    15 |    22 |    29 ||    66
Armor: Robe              |    84 |    53 |    77 ||   214
Dodge: Dodged            |   123 |    86 |   118 ||   327

Table legend:
 A = Non-vault XP
 B = Vault XP
 C = Vault XP percentage of total XP
 D = Non-vault monster count
 E = Vault monster count
 F = Vault count percentage of total count
                 A         B        C        D         E       F
            +---------+---------+-------+---------+---------+-------
      Total |    4806 |     400 |   7.7 |     170 |      22 |  11.5
            +---------+---------+-------+---------+---------+-------
        D:1 |      57 |       2 |   3.4 |      35 |       1 |   2.8
        D:2 |     168 |     303 |  64.3 |      25 |      13 |  34.2
        D:3 |      98 |      93 |  48.7 |      17 |       7 |  29.2
        D:4 |     418 |       0 |   0.0 |      18 |       0 |   0.0
        D:5 |     739 |       2 |   0.3 |      16 |       1 |   5.9
        D:6 |     876 |       0 |   0.0 |      25 |       0 |   0.0
        D:7 |    1031 |       0 |   0.0 |      18 |       0 |   0.0
        D:8 |    1419 |       0 |   0.0 |      16 |       0 |   0.0
            +---------+---------+-------+---------+---------+-------
